 Dungeon Sprint DCSS version 0.17-a0-1719-g1afd5a1 (webtiles) character file.

312 Kidiri the Covert (level 6, 0/28 HPs)
             Began as a Spriggan Enchanter on Aug 27, 2015.
             Was an Initiate of Dithmenos.
             Slain by a spatial vortex (5 damage)
             ... in the Dungeon (Sprint III: "The Ten Rune Challenge").
             The game lasted 00:03:27 (328 turns).

Kidiri the Covert (Spriggan Enchanter)               Turns: 328, Time: 00:03:29

Health: 0/28       AC:  7    Str:  4    XL:     6   Next: 18%
Magic:  6/15       EV: 26    Int: 17    God:    Dithmenos [......]
Gold:   22         SH:  0    Dex: 20    Spells: 5 memorised, 8 levels left

rFire  . . .     SeeInvis +     a - +1 dagger
rCold  . . .     Clarity  .     b - +1 robe
rNeg   . . .     SustAt   .     (shield restricted)
rPois  .         Gourm    .     (helmet restricted)
rElec  .         Spirit   .     (no cloak)
rCorr  .         Warding  .     (gloves unavailable)
rMut   .         NoTele   +     (boots unavailable)
MR     +....                    (no amulet)
Stlth  +++++.....               (no ring)
                                (no ring)

@: very quick, somewhat resistant to hostile enchantments, quite stealthy
A: unfitting armour, slimy green scales 1, yellow scales 1, see invisible, agile
1, herbivore 3, speed 3, low mp 1, sense surroundings 1, slow metabolism 2, wild
magic 1
a: Renounce Religion


You were in the Dungeon.
You worshipped Dithmenos.
Dithmenos was noncommittal.
You were not hungry.

You visited 1 branch You collected 22 gold pieces.

Inventory:

Hand weapons
 a - a +1 dagger (weapon)
Armour
 b - a +1 robe (worn)
Scrolls
 j - a scroll of blinking
 l - a scroll of immolation {unknown}
 m - a scroll of enchant weapon {unknown}
 n - 2 scrolls of remove curse {unknown}
 q - a scroll of torment {unknown}
Potions
 e - a potion of curing
 f - a potion of heal wounds
 g - a potion of haste
 h - 2 potions of magic
 i - a potion of berserk rage
 p - 3 potions of flight {unknown}
 t - a potion of cure mutation
Comestibles
 d - a bread ration
 o - 3 fruits
 s - 2 royal jellies


   Skills:
 + Level 4.7 Short Blades
 * Level 9.2 Dodging
 * Level 10.2 Stealth
 * Level 7.6 Spellcasting
 + Level 2.1 Conjurations
 + Level 6.3 Hexes
 + Level 2.9 Ice Magic
 + Level 0.0 Invocations


You had 8 spell levels left.
You knew the following spells:

 Your Spells              Type           Power        Failure   Level  Hunger
a - Corona                Hex            #####..      3%          1    None
b - Ensorcelled Hibernat  Hex/Ice        ####..       7%          2    None
c - Confuse               Hex            #####...     7%          3    ##.....
d - Tukima's Dance        Hex            #####...     7%          3    ##.....
e - Dazzling Spray        Conj/Hex       ####....     16%         3    ##.....


Dungeon Overview and Level Annotations

Branches:
Dungeon (1/1)

Altars:
Dithmenos
Gozag
Makhleb
Nemelex Xobeh
Qazlal
Ru
Xom
Jiyva
Lugonu


Innate Abilities, Weirdness & Mutations

You are tiny and cannot use many weapons and most armour.
You have supernaturally acute eyesight.
You are a herbivore.
You cover ground extremely quickly.
You need consume almost no food.
You are partially covered in slimy green scales (AC +2).
You are partially covered in yellow scales (AC +2).
You are agile. (Dex +2)
Your magical capacity is low (-10% MP).
You passively map a small area around you.
Your spells are a little harder to cast, but a little more powerful.


Message History

The spatial vortex is lightly damaged.
Casting: Dazzling Spray
Confirm with . or Enter, or press ? or * to list all spells.
Aiming: Dazzling Spray
Press: ? - help, Shift-Dir - straight line, f/p - spatial vortex
Aim: a spatial vortex (lightly damaged)
The spray of energy hits the spatial vortex.
The spatial vortex is heavily damaged.
Casting: Dazzling Spray
Confirm with . or Enter, or press ? or * to list all spells.
Aiming: Dazzling Spray
Press: ? - help, Shift-Dir - straight line, f/p - spatial vortex
Aim: a spatial vortex (heavily damaged)
The spray of energy hits the spatial vortex.
The spatial vortex is severely damaged.
The spatial vortex hits you!!
Ouch! That really hurt!
* * * LOW HITPOINT WARNING * * *
Space bends around you.
You die...

...#####..#__ _ ,* _
....#%.#..# , , *
#...#..#..###+#+###+##
,
##..##+#..#..........#
,
##..###...'.⌠........#
#..####...#...######'#
*
#..###....#.⌠.#__#...#
*
[..##.....#...#__#...#
,≈ ≈
...#......#+###_@#...#
≈ .##.#.....#
,#_v#...+,* *
.#####....# #_.'...# *
* ▓▓ * ▓▓▓▓▓▓ *
▓▓▓▓▓▓▓▓* ** * ≈ * **
≈ , , ≈ ≈ ≈ ≈ , * * *
* * * *


You could see a spatial vortex.

Vanquished Creatures
  A shadow (D)
  A water elemental (D)
  A jelly (D)
  Jessica (D)
  A wolf (D)
  A human (D)
  2 oozes (D)
  A rat (D)
9 creatures vanquished.

Vanquished Creatures (others)
  A draconian scorcher (D)
  A yaktaur (D)
2 creatures vanquished.

Grand Total: 11 creatures vanquished

Notes
Turn   | Place    | Note
--------------------------------------------------------------
     0 | D        | Kidiri the Spriggan Enchanter began the quest for the Orb.
     0 | D        | Reached XP level 1. HP: 9/9 MP: 5/5
     9 | D        | Reached skill level 5 in Stealth
    11 | D        | Reached XP level 2. HP: 13/13 MP: 5/7
    15 | D        | Learned a level 2 spell: Ensorcelled Hibernation
    47 | D        | Noticed Jessica
    51 | D        | Killed Jessica
    51 | D        | Reached skill level 5 in Dodging
    51 | D        | Reached skill level 6 in Stealth
    51 | D        | Reached XP level 3. HP: 16/16 MP: 7/9
    56 | D        | Learned a level 3 spell: Confuse
    60 | D        | Learned a level 3 spell: Tukima's Dance
   143 | D        | Killed a yaktaur
   146 | D        | Noticed a wolf
   154 | D        | Reached skill level 1 in Ice Magic
   174 | D        | Killed a wolf
   174 | D        | Reached skill level 7 in Stealth
   174 | D        | Reached skill level 5 in Spellcasting
   174 | D        | Reached XP level 4. HP: 18/21 MP: 2/12
   178 | D        | Killed a white draconian scorcher
   181 | D        | Learned a level 3 spell: Dazzling Spray
   275 | D        | Gained mutation: Your spells are a little harder to cast, but a little more powerful. [potion of mutation]
   275 | D        | Gained mutation: You are agile. (Dex +2) [potion of mutation]
   275 | D        | Gained mutation: You passively map a small area around you. [potion of mutation]
   276 | D        | Gained mutation: Your magical capacity is low (-10% MP). [potion of mutation]
   276 | D        | Gained mutation: You are partially covered in yellow scales (AC +2). [potion of mutation]
   276 | D        | Gained mutation: You are partially covered in slimy green scales (AC +2). [potion of mutation]
   288 | D        | Noticed a water elemental
   290 | D        | Killed a water elemental
   290 | D        | Reached skill level 8 in Stealth
   290 | D        | Reached skill level 1 in Conjurations
   290 | D        | Reached skill level 5 in Hexes
   290 | D        | Reached XP level 5. HP: 24/24 MP: 13/13
   299 | D        | Noticed a jelly
   300 | D        | Noticed a shadow
   302 | D        | Killed a shadow
   302 | D        | Reached skill level 9 in Stealth
   302 | D        | Reached XP level 6. HP: 28/28 MP: 13/15
   306 | D        | Killed a jelly
   306 | D        | Reached skill level 10 in Stealth
   319 | D        | Found a stormy altar of Qazlal.
   320 | D        | Found a sacrificial altar of Ru.
   320 | D        | Found a burning altar of Makhleb.
   320 | D        | Found a viscous altar of Jiyva.
   320 | D        | Found a shimmering altar of Xom.
   320 | D        | Found a shadowy altar of Dithmenos.
   320 | D        | Found a sparkling altar of Nemelex Xobeh.
   320 | D        | Found a corrupted altar of Lugonu.
   320 | D        | Found an opulent altar of Gozag.
   320 | D        | Noticed a spatial vortex
   324 | D        | Became a worshipper of Dithmenos the Shadowed
   328 | D        | Slain by a spatial vortex

Vault maps used:
D:        dungeon_sprint_mu

Action                   |  1- 3 |  4- 6 || total
-------------------------+-------+-------++-------
Melee: Dagger            |     6 |     3 ||     9
 Cast: Ensorcelled Hiber |     4 |       ||     4
       Dazzling Spray    |       |     3 ||     3
  Use: Scroll            |       |     2 ||     2
       Potion            |       |     2 ||     2
 Stab: Sleeping          |     5 |     3 ||     8
